 Dungeon Crawl Stone Soup version bcrawl-1.19.1 (webtiles) character file.

Game seed: 17298575698642675722

102 Revguard the Covered (level 5, -8/41 HPs)
             Began as a Human Fighter on Nov 26, 2019.
             Killed by divine providence
             ... invoked by an orc priest
              (13 damage)
             ... on level 3 of the Dungeon.
             The game lasted 00:05:35 (2096 turns).

Revguard the Covered (Human Fighter)                Turns: 2096, Time: 00:05:36

Health: -8/41      AC:  9    Str: 13 (16) XL:     5   Next: 6%
Magic:  5/5        EV:  7    Int:  6 (9)  God:
Gold:   125        SH:  9    Dex: 10 (13) Spells: 4/4 levels left

rFire    + . .     SeeInvis .   a - +0 long sword
rCold    + . .     Gourm    .   c - +0 shield
rNeg     . . .     Faith    .   b - +0 scale mail
rPois    +         Spirit   .   j - +2 hat
rElec    +         Reflect  .   (no cloak)
rCorr    +         Harm     .   (no gloves)
MR       .....                  (no boots)
Stlth    ..........             (no amulet)
HPRegen  0.13/turn              (no ring)
MPRegen  0.09/turn              (no ring)

@: resistant, hasted, very quick
A: no striking features
a: no special abilities


You were on level 3 of the Dungeon.
You were not hungry.

You visited 1 branch of the dungeon, and saw 3 of its levels.

You collected 125 gold pieces.

Inventory:

Hand Weapons
 a - a +0 long sword (weapon)
Armour
 b - a +0 scale mail (worn)
 c - a +0 shield (worn)
 j - a +2 hat (worn)
Jewellery
 t - an uncursed amulet of magic regeneration
Scrolls
 e - 2 scrolls of magic mapping {unknown}
 g - 2 scrolls of remove curse {unknown}
 i - a scroll of teleportation {unknown}
 k - a scroll of noise {unknown}
 l - 2 scrolls of blinking {unknown}
 n - a scroll of amnesia {unknown}
 o - a scroll of enchant weapon {unknown}
 q - a scroll of immolation {unknown}
Potions
 d - a potion of might
 m - 2 potions of haste
 p - a potion of resistance
 r - a potion of degeneration
Comestibles
 f - 5 rations {!d}
 s - 8 chunks of flesh


   Skills:
 + Level 3.1 Fighting
 + Level 3.2 Long Blades
 + Level 4.4 Armour
 + Level 0.6 Dodging
 + Level 4.1 Shields


You had 4 spell levels left.
You didn't know any spells.
Your spell library was empty.

Dungeon Overview and Level Annotations

Branches:
Dungeon (3/12)

Altars:
Gozag


Message History

The orc barely misses you. The orc priest hits you.
It was a potion of haste.
You feel yourself speed up. You block the orc's attack.
The orc priest invokes the aid of Beogh against you.
Beogh smites you!
* * * LOW HITPOINT WARNING * * *
You feel better. The orc hits you but does no damage.
It was a potion of resistance.
You feel protected.
You hit the orc priest.
The orc priest is moderately wounded.
The orc hits you but does no damage. The orc priest hits you.
* * * LOW HITPOINT WARNING * * *
It was a potion of degeneration.
There was something very wrong with that liquid.
You feel weakened.
You feel dopey.
You feel clumsy. You block the orc's attack.
The orc priest calls down the wrath of Beogh upon you.
Beogh smites you!
You die...

#.....# #. #.# #.###.#
.. ... # #.# .. ..? #.##
#. #<# #... #. #.# ###.
#.##.## #.
..####o#...##### #)
...oowo@.#.....########.
..######...###..........
#.....## ##########.
#.##### #. #.# .# # #.
#.# ..# ####. ..# ..#
#.... ... ..# #.##. ..#
#.### #.##.


You could see an orc priest, a dart slug and 3 orcs.

Vanquished Creatures
  Terence (D:3)
  An adder (D:2)
  A worm (D:1)
  A dart slug (D:2)
  3 leopard geckos
  4 orcs (D:3)
  13 giant cockroaches
  6 goblins
  A hobgoblin (D:1)
  8 kobolds
  2 quokkas (D:2)
  2 ball pythons
  3 bats
  3 frilled lizards
  4 rats
53 creatures vanquished.

Notes
Turn   | Place    | Note
-------+----------+-------------------------------------------
     0 | D:1      | Revguard the Human Fighter began the quest for the Orb.
     0 | D:1      | Reached XP level 1. HP: 18/18 MP: 1/1
   137 | D:1      | Reached XP level 2. HP: 16/24 MP: 2/2
   590 | D:1      | Reached XP level 3. HP: 29/29 MP: 3/3
  1065 | D:2      | Found an opulent altar of Gozag.
  1574 | D:2      | Reached XP level 4. HP: 34/35 MP: 4/4
  2050 | D:3      | Noticed Terence
  2065 | D:3      | Killed Terence
  2065 | D:3      | Reached XP level 5. HP: 38/41 MP: 5/5
  2096 | D:3      | Killed from afar by an orc priest

Skill      XL: |  1  2  3  4 |
---------------+-------------+-----
Armour         | 4 |  4.4
Long Blades    | 3 |  3.2
Shields        | 4 |  4.1
Fighting       | |  3.1
Dodging        | |  0.6

Action                   |  1- 3 |  4- 6 || total
-------------------------+-------+-------++-------
Melee: Long sword        |   138 |    80 ||   218
  Use: Scroll            |       |     3 ||     3
       Potion            |       |     4 ||     4
  Eat: Chunk             |     2 |     2 ||     4
Armor: Scale mail        |    58 |    35 ||    93
Dodge: Dodged            |    47 |    34 ||    81
Block: Shield            |    72 |    50 ||   122
